 Dungeon Crawl Stone Soup version 0.29-a0-322-g68df515428 (webtiles) character file.

Game seed: 15623023901708854633

289 greenreed the Vexing (level 6, -2/70 HPs)
             Began as a Gnoll Arcane Marksman on Apr 8, 2022.
             Slain by a killer bee (3 damage)
             ... on level 3 of the Dungeon.
             The game lasted 00:10:50 (3233 turns).

greenreed the Vexing (Gnoll Arcane Marksman)        Turns: 3233, Time: 00:10:53

Health: -2/70      AC: 23    Str:  9    XL:     6   Next: 31%
Magic:  11/11      EV:  2    Int: 26    God:
Gold:   172        SH:  0    Dex: 13    Spells: 7/11 levels left

rFire   . . .      SeeInvis .   a - +0 hand crossbow
rCold   . . .      Faith    .   f - orb {light}
rNeg    . . .      Spirit   .   (body armour currently unavailable)
rPois   +          Reflect  .   (helmet currently unavailable)
rElec   .          Harm     .   (cloak currently unavailable)
rCorr   .          Rampage  .   (gloves currently unavailable)
Will    .....      NoTele   +   (boots currently unavailable)
Stlth   +.........              (no amulet)
HPRegen 0.21/turn               g - +6 ring of intelligence
MPRegen 0.12/turn               l - +6 ring of intelligence

@: lethally poisoned (-2 -> -13), tree-form, glowing
A: stationary, stasis, torment immunity, boosted hp, (fangs 1), strong nose,
distributed training
a: no special abilities


You were on level 3 of the Dungeon.
You were a tree.
You visited 1 branch of the dungeon, and saw 4 of its levels.

You collected 172 gold pieces.

Inventory:

Hand Weapons
 a - a +0 hand crossbow (weapon)
Armour
 b - a +0 robe (melded)
 f - an orb of light (worn)
 n - a +2 ring mail of fire resistance
Jewellery
 g - a +6 ring of intelligence (left branch)
 l - a +6 ring of intelligence (right branch)
 p - a ring of willpower
Scrolls
 c - a scroll of vulnerability
 d - a scroll of teleportation
 e - a scroll of blinking
 j - 2 scrolls of enchant weapon
 k - 2 scrolls of amnesia
 q - 2 scrolls of enchant armour
Potions
 i - a potion of berserk rage {unknown}
 m - a potion of flight {unknown}
 o - a potion of might {unknown}
 r - 2 potions of brilliance
 t - a potion of curing {unknown}


   Skills:
 + Level 3.2 Fighting
 + Level 1.9 Short Blades
 + Level 1.9 Long Blades
 + Level 1.9 Axes
 + Level 1.9 Maces & Flails
 + Level 1.9 Polearms
 + Level 1.9 Staves
 + Level 1.9 Slings
 + Level 1.9 Bows
 + Level 4.9 Crossbows
 + Level 1.9 Throwing
 + Level 1.9 Armour
 + Level 4.9 Dodging
 + Level 1.9 Stealth
 + Level 1.9 Shields
 + Level 1.9 Unarmed Combat
 + Level 3.4 Spellcasting
 + Level 1.5 Conjurations
 + Level 5.6 Hexes
 + Level 1.5 Summonings
 + Level 1.5 Necromancy
 + Level 1.5 Translocations
 + Level 1.5 Transmutations
 + Level 1.5 Fire Magic
 + Level 1.5 Ice Magic
 + Level 1.5 Air Magic
 + Level 1.5 Earth Magic
 + Level 1.5 Poison Magic
 + Level 2.1 Invocations
 + Level 1.9 Evocations


You had 7 spell levels left.
You knew the following spells:

 Your Spells              Type           Power      Damage    Failure   Level
a - Slow                  Hex            100%       N/A       1%          1
b - Tukima's Dance        Hex            33%        N/A       2%          3

Your spell library contained the following spells:

 Spells                   Type           Power      Damage    Failure   Level
 Foxfire                  Conj/Fire      48%        2x1d6     4%          1
 Inner Flame              Hex/Fire       23%        N/A       6%          3
 Portal Projectile        Hex/Tloc       46%        N/A       6%          3
 Cause Fear               Hex            16%        N/A       9%          4
 Conjure Flame            Conj/Fire      12%        6-21      14%         3
 Flame Wave               Conj/Fire      12%        2d6       43%         4
 Passage of Golubria      Tloc           12%        N/A       43%         4
 Yara's Violent Unravell  Hex/Tmut       11%        3d6       50%         5


Dungeon Overview and Level Annotations

Branches:
Dungeon (4/15)
 Temple: D:4-7

Altars:
The Shining One

Shops:
D:2 ([

Annotations:
D:2 1 runed translucent door, exclusion: door, Crazy Yiuf


Innate Abilities, Weirdness & Mutations

You are a tree.
Your roots penetrate the ground, keeping you stationary.
You cannot be teleported.
You are immune to unholy pain and torment.
Your maximum health is greatly increased.
Your equipment is partially melded.
((You have very sharp teeth.))
Your uncanny sense of smell can sniff out nearby items.
Your experience applies equally to all skills.


Message History

You shoot a bolt. The bolt barely misses the killer bee.
The bolt hits the killer bee.
The killer bee is lightly wounded.
You feel sick. The killer bee stings you.
* * * LOW HITPOINT WARNING * * *
The killer bee stings you.
* * * LOW HITPOINT WARNING * * *
You are lethally poisoned!
The killer bee poisons you!
You feel much better.
You feel sick. The killer bee stings you.
You are more poisoned.
The killer bee poisons you!
Shoot: a) +0 hand crossbow
Press: ? - help, Q - select action, (/) - cycle Shift-Dir - straight line, f/p - killer bee
Aim: a killer bee (lightly wounded, haloed, 51% to hit)
You shoot a bolt. The bolt hits the killer bee.
You kill the killer bee!
You feel very sick. The killer bee stings you.
* * * LOW HITPOINT WARNING * * *
You are more poisoned.
The killer bee poisons you! The killer bee barely misses you.
Shoot: a) +0 hand crossbow
Press: ? - help, Q - select action, (/) - cycle Shift-Dir - straight line, f/p - killer bee
Aim: a killer bee (lightly wounded, haloed, 51% to hit)
You shoot a bolt. The bolt hits the killer bee.
The killer bee is heavily wounded.
* * * LOW HITPOINT WARNING * * *
You feel very sick. The killer bee closely misses you.
The killer bee stings you.
* * * LOW HITPOINT WARNING * * *
The killer bee barely misses you.
It was a potion of lignification.
You turn into a tree.
Your +0 robe melds into your body.
Your roots penetrate the ground.
* * * LOW HITPOINT WARNING * * *
You feel very sick. The killer bee stings you!
* * * LOW HITPOINT WARNING * * *
The killer bee stings you.
You die...

[..# #.#..............#
.#.####.#######........#
......#.# #........#
....#...# ###..#####
....##..# #....#
##...#### ##.#.##
##...#### #....#
#......# #.#y## ###..#.#
#.#♣# ####....######...#
................##
#####.########.##
#.#######..#
#...##....##
##....<....# #.........#
#.........#


You could see a killer bee.

Vanquished Creatures
  4 killer bees (D:3)
  4 adders (D:2)
  3 worms (D:2)
  An orc (D:2)
  9 ball pythons
  2 bats
  7 endoplasms
  6 giant cockroaches
  2 goblins
  5 hobgoblins
  9 jackals
  2 quokkas (D:3)
  4 frilled lizards
  6 kobolds
  5 rats
69 creatures vanquished.

Notes
Turn   | Place    | Note
-------+----------+-------------------------------------------
     0 | D:1      | greenreed the Gnoll Arcane Marksman began the quest for the
                  | Orb.
     0 | D:1      | Reached XP level 1. HP: 17/17 MP: 4/4
   194 | D:1      | Reached XP level 2. HP: 23/23 MP: 5/5
  1052 | D:2      | Found Buul Ref's Antique Armour Shop.
  1084 | D:2      | Reached XP level 3. HP: 28/28 MP: 7/7
  1131 | D:2      | Found Sodwog's Weapon Emporium.
  1141 | D:2      | Reached skill level 1 in Invocations
  1327 | D:2      | Reached skill level 1 in Short Blades
  1327 | D:2      | Reached skill level 1 in Long Blades
  1327 | D:2      | Reached skill level 1 in Axes
  1327 | D:2      | Reached skill level 1 in Maces & Flails
  1327 | D:2      | Reached skill level 1 in Polearms
  1327 | D:2      | Reached skill level 1 in Staves
  1327 | D:2      | Reached skill level 1 in Slings
  1327 | D:2      | Reached skill level 1 in Bows
  1327 | D:2      | Reached skill level 1 in Throwing
  1327 | D:2      | Reached skill level 1 in Armour
  1327 | D:2      | Reached skill level 1 in Stealth
  1327 | D:2      | Reached skill level 1 in Shields
  1327 | D:2      | Reached skill level 1 in Unarmed Combat
  1327 | D:2      | Reached skill level 1 in Evocations
  1611 | D:2      | Found a runed translucent door.
  1612 | D:2      | Noticed Crazy Yiuf
  1654 | D:2      | Reached XP level 4. HP: 34/34 MP: 8/8
  1892 | D:2      | Learned a level 3 spell: Tukima's Dance
  2014 | D:2      | Found a faded altar of an unknown god.
  2072 | D:2      | Reached skill level 1 in Conjurations
  2072 | D:2      | Reached skill level 1 in Summonings
  2072 | D:2      | Reached skill level 1 in Necromancy
  2072 | D:2      | Reached skill level 1 in Translocations
  2072 | D:2      | Reached skill level 1 in Transmutations
  2072 | D:2      | Reached skill level 1 in Fire Magic
  2072 | D:2      | Reached skill level 1 in Ice Magic
  2072 | D:2      | Reached skill level 1 in Air Magic
  2072 | D:2      | Reached skill level 1 in Earth Magic
  2072 | D:2      | Reached skill level 1 in Poison Magic
  2584 | D:3      | Reached XP level 5. HP: 38/40 MP: 9/9
  2744 | D:3      | Found a glowing golden altar of the Shining One.
  2969 | D:3      | Reached XP level 6. HP: 12/47 MP: 9/11
  3233 | D:3      | HP: 1/70 [killer bee (7)]
  3233 | D:3      | Slain by a killer bee

Illustrated notes

Levels and vault maps discovered:
D:1:      kilobyte_arrival_exit_the_forest, layout_basic
D:2:      layout_basic, basic_ecumenical_altar, serial_shops, shop, shop,
          minmay_divided_ellipse, uniq_crazy_yiuf_cottage
D:3:      layout_rooms, lemuel_round_altar
D:4:      layout_basic, lemuel_crystal_altar, serial_shops,
          nicolae_diamond_shop, minmay_misc_feat_enclosed, uniq_eustachio,
          uniq_grinder

Skill      XL: |  1  2  3  4  5 |
---------------+----------------+-----
Invocations    | 1 2 |  2.1
Short Blades   | 1 |  1.9
Long Blades    | 1 |  1.9
Axes           | 1 |  1.9
Maces & Flails | 1 |  1.9
Polearms       | 1 |  1.9
Staves         | 1 |  1.9
Slings         | 1 |  1.9
Bows           | 1 |  1.9
Throwing       | 1 |  1.9
Armour         | 1 |  1.9
Stealth        | 1 |  1.9
Shields        | 1 |  1.9
Unarmed Combat | 1 |  1.9
Evocations     | 1 |  1.9
Spellcasting   | 3 |  3.4
Conjurations   | 1 |  1.5
Summonings     | 1 |  1.5
Necromancy     | 1 |  1.5
Translocations | 1 |  1.5
Transmutations | 1 |  1.5
Fire Magic     | 1 |  1.5
Ice Magic      | 1 |  1.5
Air Magic      | 1 |  1.5
Earth Magic    | 1 |  1.5
Poison Magic   | 1 |  1.5
Fighting       | 3 |  3.2
Crossbows      | |  4.9
Dodging        | |  4.9
Hexes          | |  5.6

Action                   |  1- 3 |  4- 6 || total
-------------------------+-------+-------++-------
 Fire: Hand crossbow     |   100 |   127 ||   227
 Cast: Slow              |     3 |     5 ||     8
  Use: Scroll            |     2 |     5 ||     7
       Potion            |       |     6 ||     6
Armor: Robe              |       |    16 ||    16
Dodge: Dodged            |    23 |   104 ||   127

Table legend: (Time is in decaauts)
 A = Elapsed time spent in this place.
 B = Non-inter-level travel time spent in this place.
 C = Inter-level travel time spent in this place.
 D = Time resting spent in this place.
 E = Time spent auto-exploring this place.
 F = Levels seen in this place.
 G = Mean time per level.
                   A        B        C        D        E       F      G
               +--------+--------+--------+--------+--------+-----+--------+
         Total |   3305 |   3245 |     60 |    707 |   1858 |   4 |  826.2 |
       Dungeon |   3305 |   3245 |     60 |    707 |   1858 |   4 |  826.2 |
               +--------+--------+--------+--------+--------+-----+--------+

Top non-repeatable levels by time:
     D:2: 1409 daAuts
     D:1: 997 daAuts
     D:3: 872 daAuts
     D:4: 25 daAuts
